 Dungeon Crawl Stone Soup version 0.28.0-45-g0d030f2227 (webtiles) character file.

Game seed: 4277081312038085357

122 Kangaroobicon the Skirmisher (level 4, -5/37 HPs)
             Began as a Demonspawn Abyssal Knight on Apr 14, 2022.
             Was a Believer of Lugonu.
             Slain by Sigmund
             ... wielding a +2 antimagic scythe
              (11 damage)
             ... on level 3 of the Dungeon.
             The game lasted 00:17:20 (1218 turns).

Kangaroobicon the Skirmisher (DsAK)                 Turns: 1218, Time: 00:17:21

Health: -5/37      AC:  8    Str: 15    XL:     4   Next: 78%
Magic:  1/6        EV:  6    Int: 11    God:    Lugonu [**....]
Gold:   104        SH:  0    Dex: 14    Spells: 3/3 levels left

rFire   . . .      SeeInvis .   a - +1 spear
rCold   . . .      Faith    .   (no shield)
rNeg    . . .      Spirit   .   l - +0 chain mail
rPois   .          Reflect  .   (helmet restricted)
rElec   .          Harm     .   (no cloak)
rCorr   .          Rampage  .   (no gloves)
Will    .....                   (no boots)
Stlth   ..........              (no amulet)
HPRegen 0.12/turn               (no ring)
MPRegen 0.10/turn               (no ring)

@: no status effects
A: antennae 2, spiny 1
a: Renounce Religion, Depart the Abyss, Bend Space


You were on level 3 of the Dungeon.
You worshipped Lugonu.
Lugonu was pleased with you.
You visited 1 branch of the dungeon, and saw 3 of its levels.
You visited the Abyss 1 time.

You collected 104 gold pieces.

Inventory:

Hand Weapons
 a - a +1 spear (weapon)
 m - a +2 flail of draining
 n - a +0 falchion of electrocution
Missiles
 c - 3 javelins
 e - 3 boomerangs
 f - 42 stones
 g - 3 poisoned darts (quivered)
 h - 37 arrows
 i - 48 sling bullets
Armour
 b - a +0 leather armour
 k - a +0 buckler
 l - a +0 chain mail (worn)
Scrolls
 d - 2 scrolls of identify {unknown}
Potions
 j - a potion of resistance {unknown}


   Skills:
 + Level 4.1 Fighting
 + Level 3.0 Polearms
 + Level 2.2 Armour
 + Level 1.3 Dodging
 + Level 0.3 Stealth
 + Level 2.8 Invocations


You had 3 spell levels left.
You didn't know any spells.
Your spell library was empty.

Dungeon Overview and Level Annotations

Branches:
Dungeon (3/15)

Altars:
The Shining One

Annotations:
D:3 Sigmund


Innate Abilities, Weirdness & Mutations

You have a pair of antennae on your head.
You are partially covered in sharp spines.


Message History

Press: ? - help, Dir - move target, f/p - Sigmund
Aim: Sigmund, wielding a +2 antimagic scythe and wearing a +0 robe (lightly wounded, about 38% to evade your +1 spear)
You reach to attack!
You hit Sigmund.
Sigmund is lightly wounded.
Sigmund hits you from afar with a +2 antimagic scythe.
You feel your power leaking away.
Reach: a) +1 spear
Press: ? - help, Dir - move target, f/p - Sigmund
Aim: Sigmund, wielding a +2 antimagic scythe and wearing a +0 robe (lightly wounded, about 38% to evade your +1 spear)
You reach to attack!
You hit Sigmund but do no damage.
Sigmund is lightly wounded.
Reach: a) +1 spear
Press: ? - help, Dir - move target, f/p - Sigmund
Aim: Sigmund, wielding a +2 antimagic scythe and wearing a +0 robe (lightly wounded, about 38% to evade your +1 spear)
You reach to attack!
You closely miss Sigmund.
Sigmund is lightly wounded.
Sigmund hits you from afar with a +2 antimagic scythe!
You feel your power leaking away.
Reach: a) +1 spear
Press: ? - help, Dir - move target, f/p - Sigmund
Aim: Sigmund, wielding a +2 antimagic scythe and wearing a +0 robe (lightly wounded, about 38% to evade your +1 spear)
You reach to attack!
You closely miss Sigmund.
Sigmund is lightly wounded.
Sigmund hits you from afar with a +2 antimagic scythe.
* * * LOW HITPOINT WARNING * * *
You feel your power leaking away.
You closely miss Sigmund.
Sigmund is lightly wounded.
Sigmund completely misses you.
You hit Sigmund.
Sigmund is moderately wounded.
Sigmund gestures wildly while chanting.
Sigmund flickers and vanishes!
Deactivating autopickup; reactivate with Ctrl-A.
You miss something. Something hits you.
* * * LOW HITPOINT WARNING * * *
You feel your power leaking away.
You miss something. You miss something. Something hits you!
You die...

#### #...#.....#.#
...... #..#.......#####
.(.... #......†........
......####.#†###........
.(....<......# #.......[
.........#.#.# #........
.........#...####.......
...)..{).##.....'.......
.......@.##..####.......
.........###>####.......
.........# ####.........
.........# #.........
.........# #.........
.........# #.........
..######## ####...### ..
#...# #...#


There were no monsters in sight!

Vanquished Creatures
  Jessica (D:2)
  An orc wizard (D:2)
  An adder (D:3)
  4 orcs (D:2)
  7 endoplasms
  2 giant cockroaches (D:2)
  6 goblins
  4 hobgoblins
  4 jackals (D:1)
  7 kobolds
  6 ball pythons
  5 bats
  5 frilled lizards
  2 rats (D:1)
55 creatures vanquished.

Notes
Turn   | Place    | Note
-------+----------+-------------------------------------------
     0 | Abyss:1  | Kangaroobicon the Demonspawn Abyssal Knight began the quest
                  | for the Orb.
     0 | Abyss:1  | Reached XP level 1. HP: 18/18 MP: 2/2
    10 | D:1      | Escaped the Abyss
    38 | D:1      | Reached skill level 1 in Dodging
   111 | D:1      | Found a faded altar of an unknown god.
   179 | D:1      | Gained mutation: You are partially covered in sharp spines.
                  | [demonic ancestry]
   179 | D:1      | Reached XP level 2. HP: 24/24 MP: 3/3
   275 | D:1      | Reached ** piety under Lugonu
   278 | D:1      | Gained mutation: You have a pair of small antennae on your
                  | head. [demonic ancestry]
   278 | D:1      | Reached XP level 3. HP: 5/30 MP: 3/5
  1048 | D:2      | Noticed Jessica
  1055 | D:2      | Killed Jessica
  1056 | D:2      | Reached skill level 4 in Fighting
  1056 | D:2      | Gained mutation: You have a pair of antennae on your head.
                  | [demonic ancestry]
  1056 | D:2      | Reached XP level 4. HP: 30/37 MP: 6/6
  1201 | D:3      | Noticed Sigmund
  1218 | D:3      | Slain by Sigmund

Illustrated notes

Levels and vault maps discovered:
D:1:      dpeg_arrival_orchard, layout_rooms,
          shapermc_ecumenical_altar_hornbeckon
D:2:      layout_loops_cross, basic_altar, minmay_door_square, uniq_jessica
D:3:      layout_basic, chequers_serial_rivers_micro_b, minmay_snake_closets,
          uniq_sigmund

Skill      XL: |  1  2  3  4 |
---------------+-------------+-----
Dodging        | 1 |  1.3
Polearms       | 2 3 |  3.0
Armour         | 2 |  2.2
Fighting       | 4 |  4.1
Stealth        | |  0.3
Invocations    | |  2.8

Action                   |  1- 3 |  4- 6 || total
-------------------------+-------+-------++-------
Melee: Spear             |    82 |    42 ||   124
Throw: Dart              |       |     2 ||     2
 Stab: Sleeping          |     1 |       ||     1
Armor: Leather armour    |    14 |     2 ||    16
       Chain mail        |       |     2 ||     2
Dodge: Dodged            |    34 |    10 ||    44
